 Adventure DCSS version bcrawl-1.34.2 (webtiles) character file.

Game seed: 15746342738995339491

277318 Heedrag the Cleaver (level 10, -3/90 HPs)
             Began as a Minotaur Fighter on Oct 3, 2021.
             Was a High Priest of Okawaru.
             Slain by a cane toad (12 damage)
             ... on level 1 of the Lair of Beasts.
             The game lasted 00:16:21 (9862 turns).

Heedrag the Cleaver (Minotaur Fighter)              Turns: 9862, Time: 00:16:21

Health: -3/90      AC: 11    Str: 25    XL:     10   Next: 46%
Magic:  0/12       EV:  9    Int:  5    God:    Okawaru [*****.]
Gold:   708        SH: 11    Dex:  9    Spells: 9/9 levels left
                                        Lives:  0   Deaths: 2

rFire    . . .     SeeInvis .   a - +0 war axe
rCold    . . .     Gourm    .   c - +0 medium shield
rNeg     . . .     Faith    .   b - +0 scale mail
rPois    +         Spirit   +   (helmet restricted)
rElec    .         Reflect  .   (no cloak)
rCorr    .         Harm     .   g - +0 pair of gloves
MR       .....                  s - +0 pair of boots
Stlth    ..........             H - amulet of guardian spirit
HPRegen  0.25/turn              o - ring of poison resistance
MPRegen  0.13/turn              G - ring of flight

@: no status effects
A: retaliatory headbutt, horns 2
a: Heroism, Finesse, Renounce Religion, Evoke Flight


You were on level 1 of the Lair of Beasts.
You worshipped Okawaru.
Okawaru was extremely pleased with you.
You were very hungry.

You visited 3 branches of the dungeon, and saw 11 of its levels.

You collected 708 gold pieces.

Inventory:

Hand Weapons
 a - a +0 war axe (weapon)
Missiles
 f - 255 poisoned tomahawks (quivered)
 r - 267 poisoned needles
 L - 225 javelins
Armour
 b - a +0 scale mail (worn)
 c - a +0 medium shield (worn)
 g - a +0 pair of gloves (worn)
 s - a +0 pair of boots (worn)
 I - a scarf of resistance
 N - the +0 hat "Ofydgh" {rPois, unknown}
   (Okawaru gifted it to you on level 9 of the Dungeon)

   It protects you from poison.
Jewellery
 o - a ring of poison resistance (left hand)
 q - an uncursed ring of wizardry
 G - a ring of flight (right hand)
 H - an amulet of guardian spirit (around neck)
 J - an uncursed ring of see invisible
 M - an uncursed ring of see invisible
Wands
 C - a wand of paralysis (8)
 F - a wand of scattershot (6)
 Q - a wand of random effects (11)
Scrolls
 i - 17 scrolls of identify
 k - a scroll of enchant armour {unknown}
 n - 9 scrolls of remove curse {unknown}
 p - 2 scrolls of amnesia {unknown}
 u - 3 scrolls of teleportation {unknown}
 v - 4 scrolls of fog {unknown}
 y - 2 scrolls of immolation {unknown}
 D - a scroll of enchant weapon {unknown}
 K - 2 scrolls of magic mapping {unknown}
Potions
 d - a potion of might
 h - 2 potions of flight {unknown}
 j - 2 potions of ambrosia {unknown}
 l - 2 potions of degeneration {unknown}
 m - 5 potions of curing {unknown}
 t - a potion of resistance {unknown}
 w - a potion of invisibility {unknown}
 x - 3 potions of lignification {unknown}
 z - a potion of haste
 A - 2 potions of brilliance {unknown}
 B - 2 potions of mutation {unknown}
 E - 2 potions of heal wounds {unknown}
 P - 2 potions of agility {unknown}
Comestibles
 e - 20 rations {!d}


   Skills:
 + Level 8.4 Fighting
 * Level 10.9 Axes
 + Level 6.5 Throwing
 + Level 8.5 Armour
 + Level 6.7 Dodging
 + Level 8.6 Shields
 + Level 5.0 Invocations
 + Level 4.0 Evocations


You had 9 spell levels left.
You didn't know any spells.
Your spell library contained the following spells:

 Spells                   Type           Power        Failure   Level  Hunger
 Fulminant Prism          Conj/Hex       #.........   100%        4    ######.
 Bolt of Draining         Conj/Necr      #.........   100%        5    #######
 Iron Shot                Conj/Erth      #.........   100%        6    #######
 Poison Arrow             Conj/Pois      #.........   100%        6    #######
 Orb of Destruction       Conj           #.........   100%        7    #######
 Spellforged Servitor     Conj/Summ      #.........   100%        7    #######


Dungeon Overview and Level Annotations

Branches:
Dungeon (9/12)             Temple (1/1) D:5            Lair (1/6) D:9
    Orc: D:8-11

Altars:
Ashenzari
Cheibriados
Dithmenos
Elyvilon
Fedhas
Gozag
Hepliaklqana
Kikubaaqudgha
Lugonu
Makhleb
Nemelex Xobeh
Okawaru
Qazlal
Ru
Sif Muna
Trog
Uskayaw
Vehumet
Wu Jian
Xom
Yredelemnul
Zin
The Shining One

Shops:
D:6 (   D:7 =   D:8 %?!


Innate Abilities, Weirdness & Mutations

You reflexively headbutt those who attack you in melee.
You have a pair of horns on your head.


Message History

You closely miss the cane toad. You block the blink frog's attack.
The cane toad hits you!
* * * LOW HITPOINT WARNING * * *
The blink frog hits you but does no damage.
You closely miss the blink frog. Your headbutt misses the blink frog.
The blink frog is heavily wounded.
You hit the cane toad but do no damage. You block the blink frog's attack.
The cane toad barely misses you. You furiously retaliate!
You headbutt the cane toad!
No path to travel!
You closely miss the cane toad.
The cane toad is moderately wounded.
You miss the blink frog. The blink frog barely misses you.
You block the cane toad's attack. You block the blink frog's attack.
You block the cane toad's attack.
You closely miss the cane toad. Your headbutt misses the cane toad.
The cane toad is moderately wounded.
Your shield and scale mail prevent you from hitting the blink frog.
The blink frog blinks!
The cane toad hits you!
You die...

... #..# #........ ....
#..# #.....÷.. ....## ##..#
#........ #.... #...##
#........ #...#
#...#####........
##...####..##..#....P###.
.##....†..#.>..........# ##
..§....†...............#
..8.....8#@§..........##
.........F.##.........#####
.###...#..............##.##
#....#.....#.............
#....#......#.....##..##..
.....#.............######..
....##.......#.....# #...
...# ..$.....#.....# ##.#
..# ####.#.###.....# #.#


You could see a cane toad.

Vanquished Creatures
  A hydra (D:7)
  A two-headed ogre (D:9)
  An orb spider (shapeshifter) (D:8)
  A manticore (D:8)
  A centaur skeleton (D:8)
  2 cane toads (Lair:1)
  A komodo dragon (Lair:1)
  The ghost of Enish the Ruffian, an amateur EnSA of Cheibriados (D:4)
  A troll (D:8)
  Grinder (D:5)
  3 blink frogs (Lair:1)
  2 dream sheep
  3 hippogriffs
  Sigmund (D:5)
  A steam dragon (Lair:1)
  2 yaks (D:7)
  3 hungry ghosts
  A crocodile (D:8)
  2 porcupines (Lair:1)
  A water moccasin (D:7)
  An eye of draining (D:8)
  2 orc warriors
  2 ice beasts (D:8)
  A phantom (D:6)
  5 sky beasts
  An ogre (D:8)
  3 centaurs
  7 bullfrogs
  Blork the orc (D:5)
  4 big kobolds (D:8)
  A water moccasin skeleton (D:7)
  7 scorpions
  4 wights
  5 killer bees (D:7)
  2 howler monkeys
  4 orc priests
  8 crimson imps
  A quasit (D:7)
  2 bullfrog zombies
  2 hounds
  3 jellies (D:6)
  5 iguanas
  2 orc wizards (D:8)
  11 worker ants
  2 hound zombies (D:7)
  A worker ant zombie (D:5)
  4 gnolls (D:5)
  11 adders
  2 adder skeletons
  7 worms
  3 dart slugs
  6 leopard geckos
  22 orcs
  A ball python (D:2)
  A giant cockroach (D:3)
  8 hobgoblins
  12 jackals
  10 kobolds
  5 quokkas
  6 bats
  7 frilled lizards
  6 goblins
  A jackal skeleton (D:5)
  A quokka skeleton (D:4)
  9 rats
  3 plants
242 creatures vanquished.

Vanquished Creatures (others)
  7 plants
7 creatures vanquished.

Grand Total: 249 creatures vanquished

Notes
Turn   | Place    | Note
-------+----------+-------------------------------------------
     0 | D:1      | Heedrag the Minotaur Fighter began the quest for the Orb.
     0 | D:1      | Reached XP level 1. HP: 19/19 MP: 0/0
    39 | D:1      | Reached XP level 2. HP: 27/27 MP: 1/1
   220 | D:1      | Reached skill level 3 in Axes
   283 | D:1      | Reached XP level 3. HP: 25/33 MP: 2/2
   689 | D:2      | Reached skill level 1 in Dodging
  1144 | D:2      | Reached XP level 4. HP: 40/40 MP: 3/3
  1459 | D:3      | Reached skill level 4 in Axes
  1462 | D:3      | Reached XP level 5. HP: 46/46 MP: 4/4
  1485 | D:3      | Reached skill level 1 in Throwing
  2303 | D:4      | Reached XP level 6. HP: 53/53 MP: 5/5
  2461 | D:4      | Found a runed translucent door.
  2465 | D:4      | Noticed Enish's ghost (amateur EnSA)
  2709 | D:5      | Entered Level 5 of the Dungeon
  2745 | D:5      | Reached skill level 5 in Axes
  2827 | D:5      | Reached skill level 5 in Shields
  2898 | D:5      | Found a staircase to the Ecumenical Temple.
  2905 | D:5      | Noticed Blork the orc
  2910 | D:5      | Reached XP level 7. HP: 44/60 MP: 6/6
  2922 | D:5      | HP: 3/60 [gnoll/+0 spear (1)]
  2923 | D:5      | Killed Blork the orc
  2924 | D:5      | Reached skill level 5 in Fighting
  2927 | D:5      | HP: 1/61 [gnoll/+0 spear (2)]
  3099 | D:5      | Reached skill level 5 in Armour
  3209 | Temple   | Entered the Ecumenical Temple
  3575 | Temple   | Became a worshipper of Warmaster Okawaru
  3670 | D:5      | Noticed Grinder
  3696 | D:5      | Paralysed by Grinder for 4 turns
  3702 | D:5      | Paralysed by Grinder for 4 turns
  3706 | D:5      | Killed Grinder
  3707 | D:5      | Reached skill level 6 in Axes
  3707 | D:5      | Reached XP level 8. HP: 14/69 MP: 7/7
  4005 | D:5      | Noticed Sigmund
  4009 | D:5      | Killed Sigmund
  4011 | D:5      | Reached * piety under Okawaru
  4101 | D:5      | Found a sacrificial altar of Ru.
  4228 | D:4      | Killed Enish's ghost
  4229 | D:4      | Reached skill level 7 in Axes
  4485 | D:6      | Found Luydghej's Weapon Shoppe.
  4558 | D:6      | Reached skill level 1 in Invocations
  4647 | D:6      | Reached ** piety under Okawaru
  4792 | D:6      | Reached XP level 9. HP: 68/75 MP: 9/9
  5332 | D:7      | Reached skill level 8 in Axes
  5617 | D:7      | Reached skill level 1 in Evocations
  5771 | D:7      | Reached skill level 5 in Throwing
  6136 | D:7      | Reached skill level 5 in Dodging
  6195 | D:7      | Reached *** piety under Okawaru
  6286 | D:7      | Found Rijoniod's Jewellery Shop.
  6626 | D:7      | Reached skill level 9 in Axes
  6698 | D:6      | Received a gift from Okawaru
  7143 | D:8      | Found Ruexkuas's Food Boutique.
  7166 | D:8      | Reached XP level 10. HP: 55/86 MP: 11/11
  7230 | D:8      | Found Nyboh's Magic Scroll Shoppe.
  7433 | D:8      | Noticed a manticore
  7449 | D:8      | Killed a manticore
  7460 | D:8      | HP: 1/86 [komodo dragon (4)]
  7461 | D:8      | Mangled by a komodo dragon
  7462 | D:8      | Reached XP level 9. HP: -6/79 MP: 10/10
  7476 | D:8      | Reached **** piety under Okawaru
  7539 | D:8      | Found a snail-covered altar of Cheibriados.
  7643 | D:8      | Found Nam Mao's Distillery.
  8039 | D:8      | Noticed a three-headed hydra
  8075 | D:7      | Killed a three-headed hydra
  8075 | D:7      | Reached ***** piety under Okawaru
  8076 | D:7      | Reached skill level 10 in Axes
  8076 | D:7      | Reached XP level 10. HP: 54/88 MP: 7/12
  8713 | D:8      | Noticed an orb spider
  8725 | D:8      | Killed an orb spider
  8840 | D:8      | Noticed a manticore
  8853 | D:8      | Slain by a manticore
  8854 | D:8      | Reached XP level 9. HP: -3/81 MP: 0/11
  8888 | D:9      | Found a stormy altar of Qazlal.
  8904 | D:9      | Found a staircase to the Lair.
  8905 | D:9      | Noticed a komodo dragon
  8930 | D:9      | Noticed a two-headed ogre
  8939 | D:9      | Killed a two-headed ogre
  8939 | D:9      | Received a gift from Okawaru
  8966 | D:9      | Got a shimmering hat {god gift}
  9410 | Lair:1   | Entered Level 1 of the Lair of Beasts
  9486 | Lair:1   | Reached XP level 10. HP: 83/88 MP: 10/12
  9726 | Lair:1   | Noticed a cane toad
  9726 | Lair:1   | Noticed a cane toad
  9739 | Lair:1   | Killed a cane toad
  9744 | Lair:1   | Killed a cane toad
  9847 | Lair:1   | Reached skill level 5 in Invocations
  9853 | Lair:1   | Noticed a cane toad
  9862 | Lair:1   | Slain by a cane toad

Skill      XL: |  1  2  3  4  5  6  7  8  9 10 |
---------------+-------------------------------+-----
Shields        | 4 5 6 7 8 |  8.6
Axes           | 3 4 5 6 7 10 | 10.9
Fighting       | 4 5 6 7 8 |  8.4
Dodging        | 1 2 3 4 6 |  6.7
Armour         | 4 5 6 7 8 |  8.5
Throwing       | 1 2 3 4 6 |  6.5
Invocations    | 1 4 5 |  5.0
Evocations     | 3 4 |  4.0

Action                   |  1- 3 |  4- 6 |  7- 9 | 10-12 || total
-------------------------+-------+-------+-------+-------++-------
Melee: War axe           |   115 |   155 |   425 |   230 ||   925
       Headbutt          |     6 |    23 |    79 |    41 ||   149
Throw: Tomahawk          |       |     4 |    17 |    16 ||    37
Invok: Heroism           |       |       |     6 |     1 ||     7
  Eat: Chunk             |     5 |     8 |    20 |    11 ||    44
       Ration            |       |     1 |     3 |       ||     4
Armor: Scale mail        |    82 |    63 |   204 |    88 ||   437
Dodge: Dodged            |    37 |    45 |   125 |    91 ||   298
Block: Medium shield     |    83 |    79 |   269 |   154 ||   585
